 Dungeon Crawl Stone Soup version 0.31-a0-229-g1fc7ce93e2 (webtiles) character file.

Game seed: 9349696067528186359

99 qw the Shooter (level 4, 0/26 HPs)
             Began as a Gargoyle Hexslinger on July 6, 2023.
             Slain by a river rat (8 damage)
             ... on level 3 of the Dungeon.
             The game lasted 00:00:47 (1483 turns).

qw the Shooter (Gargoyle Hexslinger)                Turns: 1483, Time: 00:00:47

Health: 0/26       AC:  8    Str: 11    XL:     4   Next: 72%
Magic:  5/5        EV: 10    Int: 14    God:
Gold:   65         SH:  0    Dex: 14    Spells: 4/5 levels left

rFire   . . .        Y - +1 sling (freeze)
rCold   . . .        (no shield)
rNeg    + . .        f - +0 ring mail
rPois   inf          (no helmet)
rElec   +            (no cloak)
rCorr   .            (no gloves)
SInv    .            (no boots)
Will    .....        (no amulet)
Stlth   +            (no ring)
HPRegen 0.24/turn    (no ring)
MPRegen 0.09/turn

%: no passive effects
@: no status effects
A: sickness immunity, AC +3, negative energy resistance 1, electricity
resistance, torment resistance 1, petrification resistance
a: no special abilities


You were on level 3 of the Dungeon.
You visited 1 branch of the dungeon, and saw 3 of its levels.

You collected 65 gold pieces.


Innate Abilities, Weirdness & Mutations

You are immune to sickness and miasma.
Your stone body is resilient. (AC +3)
You are immune to poison.
You resist negative energy. (rN+)
You are resistant to electric shocks. (rElec)
You are resistant to unholy torment.
You are immune to petrification.


   Skills:
 - Level 2.0 Fighting
 + Level 4.3 Ranged Weapons
 - Level 1.0 Armour
 - Level 1.5 Dodging
 - Level 1.0 Spellcasting
 - Level 2.6 Hexes


You had 4 spell levels left.
You knew the following spells:

 Your Spells              Type           Power      Damage    Failure   Level
a - Slow                  Hex            32%        N/A       21%         1

Your spell library contained the following spells:

 Spells                   Type           Power      Damage    Failure   Level
 Inner Flame              Hex/Fire       4%         N/A       71%         3
 Portal Projectile        Hex/Tloc       8%         N/A       71%         3
 Cause Fear               Hex            4%         N/A       90%         4

Inventory:

Hand Weapons
 Y - a +1 sling of freezing (weapon)
Armour
 f - a +0 ring mail (worn)
Scrolls
 a - a scroll of identify
Potions
 d - 2 potions of curing
 e - a potion of enlightenment
 g - a potion of haste {unknown}
 h - a potion of degeneration {unknown}

Dungeon Overview and Level Annotations

Branches:
Dungeon (3/15)

Altars:


Message History

You shoot a sling bullet.
The sling bullet barely misses the river rat.
The river rat bites you but does no damage.
You shoot a sling bullet. The sling bullet hits the river rat.
The sling bullet freezes the river rat.
The river rat is heavily wounded.
The river rat bites you but does no damage.
You shoot a sling bullet.
The sling bullet hits the river rat but does no damage.
The river rat is heavily wounded.
The river rat closely misses you. The river rat bites you.
You shoot a sling bullet. The sling bullet hits the river rat.
The sling bullet freezes the river rat.
The river rat is heavily wounded.
The river rat barely misses you.
You shoot a sling bullet.
The sling bullet barely misses the river rat.
The river rat bites you but does no damage.
You shoot a sling bullet. The sling bullet hits the river rat.
The sling bullet freezes the river rat.
The river rat is severely wounded.
The river rat closely misses you. x2
You shoot a sling bullet.
The sling bullet closely misses the river rat.
The river rat closely misses you.
You shoot a sling bullet.
The sling bullet hits the river rat but does no damage.
The river rat is severely wounded.
The river rat bites you!
You shoot a sling bullet.
The sling bullet closely misses the river rat.
The river rat bites you. The river rat barely misses you.
You shoot a sling bullet.
The sling bullet hits the river rat but does no damage.
The river rat is severely wounded.
The river rat bites you.
You shoot a sling bullet.
The sling bullet barely misses the river rat.
The river rat bites you!
You die...

... #.. #..# #..
#..# #..###..# #
#...##..# ##.
#.#.#.#...# ....
.##.>.......#.....
.......<.........~
.######.).@$##.
###.#r.# #.##....
#.# #....~ #.#
..... #.# .... #.#
### #.#


You could see a river rat.

Vanquished Creatures
  2 adders (D:2)
  A dart slug (D:1)
  An orc (D:3)
  12 ball pythons
  5 bats
  9 endoplasms
  A giant cockroach (D:2)
  6 hobgoblins
  6 jackals (D:1)
  6 kobolds
  A quokka (D:1)
  A frilled lizard (D:2)
  10 goblins (D:1)
  8 rats
69 creatures vanquished.

Notes
Turn   | Place    | Note
-------+----------+-------------------------------------------
     0 | D:1      | qw the Gargoyle Hexslinger began the quest for the Orb.
     0 | D:1      | Reached XP level 1. HP: 12/12 MP: 2/2
     0 | D:1      | 0 ||| qw: Version: 0.3-a-46-gb1f654a
     0 | D:1      | 0 ||| qw: Game counter: 1404
     0 | D:1      | 0 ||| qw: Melee chars always use a shield: true
     0 | D:1      | 0 ||| qw: God list: Okawaru
     0 | D:1      | 0 ||| qw: Allow faded altars: false
     0 | D:1      | 0 ||| qw: Do Orc after clearing Dungeon:15 true
     0 | D:1      | 0 ||| qw: Do second Lair branch before Depths: true
     0 | D:1      | 0 ||| qw: Lair rune preference: random
     0 | D:1      | 0 ||| qw: Goals: Normal
     0 | D:1      | 0 ||| PLANNING D:1-11
    97 | D:1      | Reached XP level 2. HP: 16/16 MP: 3/3
   111 | D:1      | HP: 4/16 [dart slug/slug dart (3)]
   116 | D:1      | Reached skill level 3 in Ranged Weapons
   292 | D:1      | Reached XP level 3. HP: 21/21 MP: 4/4
   797 | D:1      | Reached XP level 4. HP: 26/26 MP: 5/5
   921 | D:1      | 921 ||| UPGRADING to +0 ring mail.
   931 | D:1      | 931 ||| DROPPING +0 robe.
   932 | D:1      | 932 ||| READING 3 scrolls labelled SEGITH UXIWK.
   933 | D:1      | 933 ||| DRINKING 2 fizzy orange potions.
   934 | D:1      | 934 ||| READING 2 scrolls of identify.
   934 | D:1      | 934 ||| IDENTIFYING inky potion
   935 | D:1      | 935 ||| DROPPING scroll of poison.
  1021 | D:2      | Reached skill level 4 in Ranged Weapons
  1045 | D:2      | Reached skill level 1 in Armour
  1443 | D:2      | 1443 ||| READING scroll labelled ERITZURICE.
  1444 | D:2      | 1444 ||| READING scroll labelled NIH QEMILLAIN.
  1445 | D:2      | 1445 ||| READING scroll labelled SUGHEIDAZE.
  1460 | D:3      | 1460 ||| PLANNING SEWER
  1483 | D:3      | Slain by a river rat

Levels and vault maps discovered:
D:1:      elethiomel_arrival_diamonds, layout_basic, amethyst_killhole,
          minmay_bisected
D:2:      layout_rooms, kennysheep_generic_room_16
D:3:      layout_loops_corners, gammafunk_ghost_grave, portal_sewer_entry_a,
          serial_shops, nicolae_shop_gibbet_a_chance

Skill      XL: |  1  2  3  4 |
---------------+-------------+-----
Ranged Weapons | 3 4 |  4.3
Fighting       | 2 |  2.0
Armour         | 1 |  1.0
Dodging        | |  1.5
Spellcasting   | |  1.0
Hexes          | |  2.6

Action                     |  1- 3 |  4- 6 || total
---------------------------+-------+-------++-------
   Fire: Sling             |   140 |    86 ||   226
    Use: Scroll            |       |     5 ||     5
         Potion            |       |     1 ||     1
 Armour: Robe              |    24 |       ||    24
         Ring mail         |       |    21 ||    21
  Dodge: Dodged            |    59 |    34 ||    93

Table legend:
 A = Non-vault XP
 B = Vault XP
 C = Vault XP percentage of total XP
 D = Non-vault monster count
 E = Vault monster count
 F = Vault count percentage of total count
                 A         B        C        D         E       F
            +---------+---------+-------+---------+---------+-------
      Total |     119 |      23 |  16.2 |      54 |      15 |  21.7
            +---------+---------+-------+---------+---------+-------
        D:1 |      62 |      20 |  24.4 |      35 |      12 |  25.5
        D:2 |      54 |       2 |   3.6 |      18 |       2 |  10.0
        D:3 |       3 |       1 |  25.0 |       1 |       1 |  50.0
            +---------+---------+-------+---------+---------+-------
